| TOP OF THE 1ST |
|
Pittsburgh Pirates batting - Pitching for Atlanta Braves : RHP Jeremy Kasten
|
|
Pitching: RHP Jeremy Kasten
|
|
|
Batting: LHB Jordan de Jesus
|
0-0: Fly out, F8 (Flyball, 8LD, EV 98.8 MPH)
|
|
Batting: RHB Chiel Palstermans
|
0-0: Ball 1-0: DOUBLE (Line Drive, 5D, EV 98.8 MPH)
|
|
Batting: LHB Micah Boshnjaku
|
0-0: Foul Ball, location: 2F 0-1: Foul Ball, location: 2F 0-2: Strikes out looking
|
|
Batting: LHB Nick Rooney
|
0-0: Ball 1-0: Foul Ball, location: 2F 1-1: Swinging Strike 1-2: Strikes out swinging
|
| Top of the 1st over - 0 runs, 1 hit, 0 errors, 1 left on base; Pittsburgh 0 - Atlanta 0 |
| BOTTOM OF THE 1ST |
|
Atlanta Braves batting - Pitching for Pittsburgh Pirates : LHP Sam Richardson
|
|
Pitching: LHP Sam Richardson
|
|
|
Batting: RHB Yasuhide Kasahara
|
0-0: Ball 1-0: Foul Ball, location: 2F 1-1: Ball 2-1: Fly out, F9 (Flyball, 89S, EV 85.6 MPH)
|
|
Batting: RHB J.J. Powers
|
0-0: Called Strike 0-1: Ball 1-1: Called Strike 1-2: Ball 2-2: Strikes out swinging
|
|
Batting: RHB Kevin Howard
|
0-0: Ball 1-0: Ball 2-0: Called Strike 2-1: Foul Ball, location: 2F 2-2: Ball 3-2: Base on Balls
|
|
Batting: RHB Erik Coleman
|
0-0: Ball 1-0: Ball 2-0: Called Strike 2-1: Ball 3-1: Fly out, F3 (Popup, 23, EV 88.8 MPH)
|
| Bottom of the 1st over - 0 runs, 0 hits, 0 errors, 1 left on base; Pittsburgh 0 - Atlanta 0 |
| TOP OF THE 2ND |
|
Pittsburgh Pirates batting - Pitching for Atlanta Braves : RHP Jeremy Kasten
|
|
Batting: RHB David Contreras
|
0-0: Called Strike 0-1: Ball 1-1: Ground out 6-3 (Groundball, 6, EV 104.4 MPH)
|
|
Batting: SHB Jack Andrews
|
0-0: Ball 1-0: Ball 2-0: Foul Ball, location: 2F 2-1: Swinging Strike 2-2: Ball 3-2: Strikes out looking
|
|
Batting: RHB Jason Moss
|
0-0: Swinging Strike 0-1: Ball 1-1: Ball 2-1: Ball 3-1: Foul Ball, location: 2F 3-2: Ground out U3 (Groundball, 3L, EV 86.9 MPH)
|
| Top of the 2nd over - 0 runs, 0 hits, 0 errors, 0 left on base; Pittsburgh 0 - Atlanta 0 |
| BOTTOM OF THE 2ND |
|
Atlanta Braves batting - Pitching for Pittsburgh Pirates : LHP Sam Richardson
|
|
Batting: RHB Ike Trout
|
0-0: Foul Ball, location: 2F 0-1: Swinging Strike 0-2: Ball 1-2: Strikes out swinging, 2-3 out at first.
|
|
Batting: RHB Manny Vergara
|
0-0: Called Strike 0-1: Swinging Strike 0-2: Ball 1-2: Strikes out swinging
|
|
Batting: LHB Erik Gretzky
|
0-0: Ground out 6-3 (Groundball, 6M, EV 94.4 MPH)
|
| Bottom of the 2nd over - 0 runs, 0 hits, 0 errors, 0 left on base; Pittsburgh 0 - Atlanta 0 |
| TOP OF THE 3RD |
|
Pittsburgh Pirates batting - Pitching for Atlanta Braves : RHP Jeremy Kasten
|
|
Batting: SHB Brad Day
|
0-0: Called Strike 0-1: Bunted foul 0-2: Foul Ball, location: 2F 0-2: Ground out U3 (Groundball, 3D, EV 95.0 MPH)
|
|
Batting: LHB Sammy Roddenberry
|
0-0: Swinging Strike 0-1: Ball 1-1: Ball 2-1: Ground out 6-3 (Groundball, 6, EV 105.0 MPH)
|
|
Batting: LHB Jordan de Jesus
|
0-0: Called Strike 0-1: Foul Ball, location: 2F 0-2: Foul Ball, location: 2F 0-2: Strikes out swinging
|
| Top of the 3rd over - 0 runs, 0 hits, 0 errors, 0 left on base; Pittsburgh 0 - Atlanta 0 |
| BOTTOM OF THE 3RD |
|
Atlanta Braves batting - Pitching for Pittsburgh Pirates : LHP Sam Richardson
|
|
Batting: RHB Zheng-ze King
|
0-0: Ball 1-0: Ball 2-0: Called Strike 2-1: Ball 3-1: Called Strike 3-2: Ground out 6-3 (Groundball, 6, EV 89.4 MPH)
|
|
Batting: LHB Evan Torraville
|
0-0: Ball 1-0: Foul Ball, location: 2F 1-1: Called Strike 1-2: Ball 2-2: Ball 3-2: Foul Ball, location: 2F 3-2: Ground out 1-3 (Groundball, 13S, EV 69.4 MPH)
|
|
Batting: RHB Yasuhide Kasahara
|
0-0: Ball 1-0: Ball 2-0: Ball 3-0: Base on Balls
|
|
Batting: RHB J.J. Powers
|
0-0: Ball 1-0: Swinging Strike 1-1: Ball 2-1: Ball 3-1: Fly out, F4 (Flyball, 4MD, EV 93.8 MPH)
|
| Bottom of the 3rd over - 0 runs, 0 hits, 0 errors, 1 left on base; Pittsburgh 0 - Atlanta 0 |
| TOP OF THE 4TH |
|
Pittsburgh Pirates batting - Pitching for Atlanta Braves : RHP Jeremy Kasten
|
|
Batting: RHB Chiel Palstermans
|
0-0: Swinging Strike 0-1: Foul Ball, location: 2F 0-2: Foul Ball, location: 2F 0-2: Ball 1-2: Foul Ball, location: 2F 1-2: Ball 2-2: Ground out 5-3 (Groundball, 56, EV 108.8 MPH)
|
|
Batting: LHB Micah Boshnjaku
|
0-0: Ball 1-0: Called Strike 1-1: Ball 2-1: Fly out, F7 (Flyball, 7, EV 85.6 MPH)
|
|
Batting: LHB Nick Rooney
|
0-0: Called Strike 0-1: Ball 1-1: Swinging Strike 1-2: Strikes out swinging
|
| Top of the 4th over - 0 runs, 0 hits, 0 errors, 0 left on base; Pittsburgh 0 - Atlanta 0 |
| BOTTOM OF THE 4TH |
|
Atlanta Braves batting - Pitching for Pittsburgh Pirates : LHP Sam Richardson
|
|
Batting: RHB Kevin Howard
|
0-0: Ball 1-0: Fly out, F9 (Flyball, 89S, EV 88.1 MPH)
|
|
Batting: RHB Erik Coleman
|
0-0: Foul Ball, location: 2F 0-1: Called Strike 0-2: Ball 1-2: Ball 2-2: Ball 3-2: Foul Ball, location: 2F 3-2: Base on Balls
|
|
Batting: RHB Ike Trout
|
0-0: Foul Ball, location: 2F 0-1: Ball 1-1: Fly out, F9 (Line Drive, 9, EV 107.5 MPH)
|
|
Batting: RHB Manny Vergara
|
0-0: Ball 1-0: Foul Ball, location: 2F 1-1: Called Strike 1-2: Foul Ball, location: 2F 1-2: Ground out 4-3 (Groundball, 34S, EV 86.9 MPH)
|
| Bottom of the 4th over - 0 runs, 0 hits, 0 errors, 1 left on base; Pittsburgh 0 - Atlanta 0 |
| TOP OF THE 5TH |
|
Pittsburgh Pirates batting - Pitching for Atlanta Braves : RHP Jeremy Kasten
|
|
Batting: RHB David Contreras
|
0-0: Swinging Strike 0-1: Swinging Strike 0-2: Foul Ball, location: 2F 0-2: Ball 1-2: Ball 2-2: Ball 3-2: Base on Balls
|
|
Batting: SHB Jack Andrews
|
0-0: Called Strike 0-1: Ball 1-1: Called Strike 1-2: Strikes out swinging
|
|
Batting: RHB Jason Moss
|
0-0: Ball 1-0: Foul Ball, location: 2F 1-1: Grounds into double play, 4-6-3 (Groundball, 4, EV 97.5 MPH)
|
| Top of the 5th over - 0 runs, 0 hits, 0 errors, 0 left on base; Pittsburgh 0 - Atlanta 0 |
| BOTTOM OF THE 5TH |
|
Atlanta Braves batting - Pitching for Pittsburgh Pirates : LHP Sam Richardson
|
|
Batting: LHB Erik Gretzky
|
0-0: Fly out, F8 (Flyball, 8RS, EV 86.2 MPH)
|
|
Batting: RHB Zheng-ze King
|
0-0: Called Strike 0-1: Ball 1-1: Foul Ball, location: 2F 1-2: Ground out 1-3 (Groundball, 34S, EV 69.4 MPH)
|
|
Batting: LHB Evan Torraville
|
0-0: Called Strike 0-1: Ball 1-1: Ground out 5-3 (Groundball, 56, EV 78.8 MPH)
|
| Bottom of the 5th over - 0 runs, 0 hits, 0 errors, 0 left on base; Pittsburgh 0 - Atlanta 0 |
| TOP OF THE 6TH |
|
Pittsburgh Pirates batting - Pitching for Atlanta Braves : RHP Jeremy Kasten
|
|
Batting: SHB Brad Day
|
0-0: Foul Ball, location: 2F 0-1: Ball 1-1: Fly out, F8 (Flyball, 8RD, EV 99.4 MPH)
|
|
Batting: LHB Sammy Roddenberry
|
0-0: Called Strike 0-1: Ball 1-1: Foul Ball, location: 2F 1-2: SINGLE (Groundball, 3S, EV 66.2 MPH) (infield hit)
|
|
Batting: LHB Jordan de Jesus
|
0-0: Called Strike 0-1: Ball 1-1: Foul Ball, location: 2F 1-2: Strikes out swinging
|
|
Batting: RHB Chiel Palstermans
|
0-0: Foul Ball, location: 2F 0-1: Foul Ball, location: 2F 0-2: Foul Ball, location: 2F 0-2: Strikes out swinging
|
| Top of the 6th over - 0 runs, 1 hit, 0 errors, 1 left on base; Pittsburgh 0 - Atlanta 0 |
| BOTTOM OF THE 6TH |
|
Atlanta Braves batting - Pitching for Pittsburgh Pirates : LHP Sam Richardson
|
|
Batting: RHB Yasuhide Kasahara
|
0-0: Ball 1-0: Ball 2-0: Ball 3-0: Swinging Strike 3-1: DOUBLE (Line Drive, 89D, EV 112.5 MPH)
|
|
Batting: RHB J.J. Powers
|
0-0: Foul Ball, location: 2F 0-1: Ball 1-1: Ball 2-1: Ball 3-1: Base on Balls
|
|
Batting: RHB Kevin Howard
|
0-0: Ball 1-0: Foul Ball, location: 2F 1-1: Ball 2-1: Grounds into double play, 4-6-3 (Groundball, 4M, EV 100.0 MPH) Yasuhide Kasahara to third
|
|
Batting: RHB Erik Coleman
|
0-0: SINGLE (Groundball, 6MD, EV 100.6 MPH) Yasuhide Kasahara scores
|
|
Batting: RHB Ike Trout
|
0-0: Ball 1-0: Called Strike 1-1: Ball 2-1: Foul Ball, location: 2F 2-2: Ball 3-2: SINGLE (Groundball, 6MD, EV 104.4 MPH) Erik Coleman to second Erik Coleman to third
|
|
Batting: RHB Manny Vergara
|
0-0: Ball 1-0: Called Strike 1-1: Ground out 4-3 (Groundball, 4, EV 109.4 MPH)
|
| Bottom of the 6th over - 1 run, 3 hits, 0 errors, 2 left on base; Pittsburgh 0 - Atlanta 1 |
| TOP OF THE 7TH |
|
Pittsburgh Pirates batting - Pitching for Atlanta Braves : RHP Jeremy Kasten
|
|
Batting: LHB Micah Boshnjaku
|
0-0: Ball 1-0: Called Strike 1-1: Ball 2-1: Fly out, F7 (Line Drive, 7, EV 90.6 MPH)
|
|
Batting: LHB Nick Rooney
|
0-0: Ground out 5-3 (Groundball, 5, EV 85.0 MPH)
|
|
Batting: RHB David Contreras
|
0-0: Ground out 5-3 (Groundball, 5, EV 89.4 MPH)
|
| Top of the 7th over - 0 runs, 0 hits, 0 errors, 0 left on base; Pittsburgh 0 - Atlanta 1 |
| BOTTOM OF THE 7TH |
|
Atlanta Braves batting - Pitching for Pittsburgh Pirates : LHP Sam Richardson
|
|
Batting: LHB Erik Gretzky
|
0-0: Ground out U3 (Groundball, 3L, EV 83.8 MPH)
|
|
Batting: RHB Zheng-ze King
|
0-0: Called Strike 0-1: Ball 1-1: Called Strike 1-2: Ball 2-2: Strikes out swinging
|
|
Batting: LHB Evan Torraville
|
0-0: Ball 1-0: Foul Ball, location: 2F 1-1: Ball 2-1: Ground out 1-3 (Groundball, 15S, EV 63.8 MPH)
|
| Bottom of the 7th over - 0 runs, 0 hits, 0 errors, 0 left on base; Pittsburgh 0 - Atlanta 1 |
| TOP OF THE 8TH |
|
Pittsburgh Pirates batting - Pitching for Atlanta Braves : RHP Jeremy Kasten
|
|
Batting: SHB Jack Andrews
|
0-0: Called Strike 0-1: Swinging Strike 0-2: Ball 1-2: SINGLE (Groundball, 3S, EV 67.5 MPH) (infield hit)
|
|
Pinch Hitting: LHB Xavier Pittman
|
0-0: Sac Bunt to 2L - play at first, batter OUT! 2-3 Jack Andrews to second
|
|
Batting: SHB Brad Day
|
0-0: Ball 1-0: Foul Ball, location: 2F 1-1: Foul Ball, location: 2F 1-2: Ball 2-2: 2-RUN HOME RUN (Flyball, 9D, EV 98.8 MPH), Distance : 409 ft
|
|
Batting: LHB Sammy Roddenberry
|
0-0: Ball 1-0: Called Strike 1-1: Fly out, F7 (Flyball, 7S, EV 88.8 MPH)
|
|
Batting: LHB Jordan de Jesus
|
0-0: Called Strike 0-1: Called Strike 0-2: Ball 1-2: Foul Ball, location: 2F 1-2: SINGLE (Groundball, 4MD, EV 101.9 MPH)
|
|
Pitching: LHP Shingo Miura
|
|
|
Batting: RHB Chiel Palstermans
|
0-0: Ground out 6-3 (Groundball, 6, EV 94.4 MPH)
|
| Top of the 8th over - 2 runs, 3 hits, 0 errors, 1 left on base; Pittsburgh 2 - Atlanta 1 |
| BOTTOM OF THE 8TH |
|
Atlanta Braves batting - Pitching for Pittsburgh Pirates : LHP Sam Richardson
|
|
Pitching: RHP Walt Quinn
|
|
|
Now in RF: Chris Salim
|
|
|
Batting: RHB Yasuhide Kasahara
|
0-0: Foul Ball, location: 2F 0-1: Ball 1-1: Called Strike 1-2: Ball 2-2: Foul Ball, location: 2F 2-2: Fly out, F7 (Flyball, 78D, EV 107.5 MPH)
|
|
Batting: RHB J.J. Powers
|
0-0: Ball 1-0: Called Strike 1-1: Foul Ball, location: 2F 1-2: Foul Ball, location: 2F 1-2: Foul Ball, location: 2F 1-2: Foul Ball, location: 2F 1-2: Ground out 4-3 (Groundball, 13, EV 89.4 MPH)
|
|
Batting: RHB Kevin Howard
|
0-0: Ball 1-0: Ball 2-0: Foul Ball, location: 2F 2-1: Foul Ball, location: 2F 2-2: Ball 3-2: Foul Ball, location: 2F 3-2: Fly out, F9 (Flyball, 9D, EV 95.0 MPH)
|
| Bottom of the 8th over - 0 runs, 0 hits, 0 errors, 0 left on base; Pittsburgh 2 - Atlanta 1 |
| TOP OF THE 9TH |
|
Pittsburgh Pirates batting - Pitching for Atlanta Braves : LHP Shingo Miura
|
|
Batting: LHB Micah Boshnjaku
|
0-0: Ball 1-0: Called Strike 1-1: Foul Ball, location: 2F 1-2: DOUBLE (Line Drive, 78D, EV 111.9 MPH)
|
|
Batting: LHB Nick Rooney
|
0-0: Called Strike 0-1: Ball 1-1: SINGLE (Groundball, 15S, EV 76.9 MPH) (infield hit) Micah Boshnjaku to third
|
|
Batting: RHB David Contreras
|
0-0: Foul Ball, location: 2F 0-1: Foul Ball, location: 2F 0-2: Foul Ball, location: 2F 0-2: Ball 1-2: Fly out, F7 (Flyball, 7, EV 93.1 MPH)
|
|
Batting: SHB Jack Andrews
|
0-0: Ball 1-0: Ball 2-0: Called Strike 2-1: Called Strike 2-2: Strikes out looking
|
|
Batting: LHB Chris Salim
|
0-0: Swinging Strike 0-1: Ball 1-1: Fly out, F8 (Line Drive, 78M, EV 107.5 MPH)
|
| Top of the 9th over - 0 runs, 2 hits, 0 errors, 2 left on base; Pittsburgh 2 - Atlanta 1 |
| BOTTOM OF THE 9TH |
|
Atlanta Braves batting - Pitching for Pittsburgh Pirates : RHP Walt Quinn
|
|
Pitching: LHP Jimmy Vanthournoutingtonle
|
|
|
Now at 3B: Trevor Weareorwear
|
|
|
Batting: RHB Erik Coleman
|
0-0: SINGLE (Groundball, 34D, EV 95.0 MPH)
|
|
Pinch Runner at 1st Liangde Li:
|
|
|
Batting: RHB Ike Trout
|
0-0: Called Strike 0-1: Called Strike Liangde Li steals 2nd base 0-2: Fly out, F7 (Line Drive, 78M, EV 101.9 MPH)
|
|
Batting: RHB Manny Vergara
|
0-0: Ball 1-0: Foul Ball, location: 2F 1-1: Swinging Strike 1-2: Foul Ball, location: 2F 1-2: Strikes out swinging
|
|
Pinch Hitting: SHB Floyd-William Goof
|
0-0: Ball 1-0: Ball 2-0: Ball 3-0: Called Strike 3-1: Ground out 1-3 (Groundball, 34S, EV 73.1 MPH)
|
| Bottom of the 9th over - 0 runs, 1 hit, 0 errors, 1 left on base; Pittsburgh 2 - Atlanta 1 |
|